Cogmind - Beta 17 @@@ ROGUE MODE // 2026.07.05 @ 13:20:19 // AFD2020/Player2 Player: Minty Result: Core destroyed Performance ------------- Evolutions (0) 0 Regions Visited (3) 600 Robots Destroyed (13) 65 Value Destroyed (369) 369 Prototype IDs (1) 20 Alien Tech Used (0) 0 Bonus (8387) 8387 TOTAL SCORE: 9441 Bonus ------- Follower Combat Kills 293 Prayed to X0-1V1 5000 Major X0-1V1 Interference 2950 Registered with UFD 300 Friendly Fire -156 Cogmind --------- Core Integrity 0/400 Matter 300/300 Energy 1200/1200 System Corruption 0% Temperature Cool (0) Movement Rolling (80) Location -7/Scraptown Parts ------- > --- POWER (1) -------- (None) > --- PROPULSION (2) --- Wheel Wheel > --- UTILITY (3) ------ Medium Storage Unit Makeshift Light Armor Plating (fused) X0-1V1's Piety Tracker > --- WEAPON (1) ------- Maul (fused) > --- INVENTORY (12) --- Light Ion Engine Small Storage Unit Medium Storage Unit Medium Storage Unit Medium Laser Light Assault Rifle Battle Rifle Light Cannon Grenade Launcher Flamer Peak State ------------ > --- POWER ------------ Ion Engine > --- PROPULSION ------- Wheel Wheel > --- UTILITY ---------- Medium Storage Unit Makeshift Light Armor Plating X0-1V1's Piety Tracker > --- WEAPON ----------- Light Cannon > --- INVENTORY -------- Light Ion Engine Small Storage Unit Medium Storage Unit Medium Storage Unit Medium Laser Light Assault Rifle Battle Rifle Grenade Launcher Flamer [Rating: 23] Favorites ----------- Power Ion Engine Engine Ion Engine Propulsion Aluminum Leg Leg Aluminum Leg Wheel Wheel Utility Medium Storage Unit Device X0-1V1's Piety Tracker Storage Medium Storage Unit Protection Makeshift Light Armor Plating Weapon Light Cannon Energy Gun Medium Laser Ballistic Gun Assault Rifle Ballistic Cannon Light Cannon Launcher Grenade Launcher Impact Weapon Maul Build | -11 -10 -10 -7 ------- Run | Yrd Mat Sub Scr Slots Evolved . | . . . . Power . | . . . . Propulsion . | . . . . Utility . | . . . . Weapon . | . . . . Parts Attached 9 | . 4 5 . Power . | . . . . Engine . | . . . . Core . | . . . . Reactor . | . . . . Propulsion 2 | . . 2 . Treads . | . . . . Leg . | . . . . Wheel 2 | . . 2 . Hover . | . . . . Flight . | . . . . Utility 4 | . 3 1 . Device 2 | . 2 . . Storage 1 | . 1 . . Processor . | . . . . Hackware . | . . . . Protection 1 | . . 1 . Artifact . | . . . . Weapon 3 | . 1 2 . Energy Gun . | . . . . Energy Cannon . | . . . . Ballistic Gun . | . . . . Ballistic Cannon 2 | . . 2 . Launcher 1 | . 1 . . Special Weapon . | . . . . Impact Weapon . | . . . . Slashing Weapon . | . . . . Piercing Weapon . | . . . . Special Melee Weapon . | . . . . Unidentified Prototypes 1 | . 1 . . Parts Lost 3 | . . 3 . Power 1 | . . 1 . Propulsion 1 | . . 1 . Utility . | . . . . Weapon 1 | . . 1 . Highest Loss Streak 2 | . . 2 . To Critical Strikes . | . . . . Average Backups 8 | . 7 9 10 Power 1 | . 1 1 1 Propulsion 1 | . 2 . . Utility 2 | . 2 3 3 Weapon 3 | . 1 4 6 Tool/Special . | . . . . Unused Backups 18 | . 6 4 8 Power 3 | . 1 1 1 Propulsion 6 | . 4 2 . Utility 3 | . . . 3 Weapon 6 | . 1 1 4 Tool/Special . | . . . . Average Slot Usage (%) 91 | . 92 91 85 Engine 12 | . 14 13 . Leg 14 | . 28 5 . Wheel 12 | . . 18 28 Device 11 | . 7 14 14 Storage 14 | . 14 14 14 Protection 2 | . . 1 14 Energy Gun 5 | . 12 . . Ballistic Gun 5 | . 14 . . Ballistic Cannon 8 | . . 16 . Launcher 2 | . 1 4 . Impact Weapon 1 | . . . 14 Peak Build Rating 23 | . 20 23 23 Average Rating 14 | . 7 19 23 On Entrance 13 | 6 6 20 23 Avg Prop Armor Cover (%) . | . . . . Naked Turns . | . . . . Heaviest Build 23 | 14 21 23 18 Greatest Support 20 | 20 20 20 20 Greatest Overweight (x) 1 | . 1 1 . Average Overweight (x) . | . . . . Largest Inventory Capacity 12 | . 10 12 12 Average Capacity 10 | . 9 10 12 Most Carried 10 | . 10 10 10 Average Carried 8 | . 7 9 10 Final Capacity 12 | 8 10 12 12 Final Carried 10 | 6 10 10 10 Class Distribution -------------------- 100% | Mutant Dominant Class ---------------- Mutant | -10/Materials Mutant | -10/Subcaves Mutant | -7/Scraptown Resources | -11 -10 -10 -7 ----------- Run | Yrd Mat Sub Scr Matter Collected 426 | 200 85 126 15 Remotely . | . . . . Salvage Created 417 | . 172 215 30 Parts 19 | . 6 13 . Haulers Intercepted 1 | . 1 . . Recyclers Shooed . | . . . . Parts Field Recycled . | . . . . Retrieved Matter . | . . . . Parts Self-Destructed 16 | . . 16 . Prevented . | . . . . Parts Restored . | . . . . Kills | -11 -10 -10 -7 ------- Run | Yrd Mat Sub Scr Combat Hostiles Destroyed 11 | . 3 7 1 Melee 1 | . . 1 . Guns 3 | . 3 . . Cannons 1 | . . 1 . AOE 5 | . . 5 . Classes Destroyed 5 | . 4 1 . Tunneler 1 | . 1 . . Hauler 1 | . 1 . . Swarmer 2 | . 2 . . Grunt 5 | . 1 4 . Subdweller 3 | . . 3 . Thug 1 | . . . 1 Best Kill Streak 4 | . 2 4 1 Combat Bots Only 4 | . 1 4 1 Max Kills in Single Turn 2 | . 1 2 1 Gunslinging . | . . . . Exploded 2 | . . 2 . Melee 1 | . . 1 . Uniques/NPCs Destroyed . | . . . . Combat | -11 -10 -10 -7 -------- Run | Yrd Mat Sub Scr Hostile Shots Fired 77 | . 54 14 9 Missed 25 | . 22 . 3 Hits 52 | . 32 14 6 Projectile 52 | . 32 14 6 Damage Taken 885 | . 384 269 232 Core 304 | . 110 67 127 Absorbed by Shields . | . . . . Core Remaining (%) 100 | 100 . . . Volleys Fired 43 | . 29 14 . Largest 2 | . 2 2 . Hottest 70 | . 70 60 . Shots Fired 79 | . 56 23 . Gun 53 | . 53 . . Cannon 17 | . . 17 . Launcher 9 | . 3 6 . Special . | . . . . Kinetic 44 | . 27 17 . Thermal 26 | . 26 . . Explosive 9 | . 3 6 . Electromagnetic . | . . . . Robot Hit Streak 10 | . 4 10 . Robot Miss Streak 7 | . 7 1 . Penetration Max . | . . . . Secondary Targets . | . . . . Shots Hit Robots 37 | . 25 9 3 Core Hits 18 | . 6 12 . Critical Kills . | . . . . Critical Parts Destroyed 2 | . . 1 1 Critical Strikes 3 | . 1 1 1 Burn 1 | . 1 . . Smash 2 | . . 1 1 Melee Attacks 4 | . . 1 3 Impact 4 | . . 1 3 Slashing . | . . . . Piercing . | . . . . Sneak Attacks . | . . . . Combat Hostiles . | . . . . Follow-up Attacks . | . . . . Damage Inflicted 1034 | . 403 518 113 Guns 366 | . 366 . . Cannons 31 | . . 31 . Explosions 498 | . 37 461 . Melee 139 | . . 26 113 Ramming . | . . . . Kinetic 247 | . 216 31 . Thermal 150 | . 150 . . Explosive 498 | . 37 461 . Electromagnetic . | . . . . Impact 139 | . . 26 113 Slashing . | . . . . Piercing . | . . . . Highest Corruption 11 | . . 11 . Average Corruption 11 | . . 11 . Corruption Purged . | . . . . Corruption Blocked . | . . . . Effects 2 | . . 2 . Matter Fused 1 | . . 1 . Data Loss (minor) 1 | . . 1 . Overload Shots . | . . . . Overflow Damage 57 | . . 26 31 Projectiles . | . . . . Explosions . | . . . . Melee 57 | . . 26 31 Knockbacks 2 | . . . 2 Impact 2 | . . . 2 Kinetic . | . . . . Secondary . | . . . . Self-Inflicted Damage 79 | . 79 . . Shots 3 | . 3 . . Rammed . | . . . . Targets Rammed . | . . . . Kicked . | . . . . Crushed . | . . . . Highest Temperature 120 | . 120 . . Average Temperature 38 | . 38 . . Received Heat Transfer 228 | . 90 84 54 Siege Activations . | . . . . Martial Activations . | . . . . Shielding Activations . | . . . . Robots Disrupted . | . . . . Combat Hostiles . | . . . . Robots Corrupted 1 | . . . 1 Combat Hostiles 1 | . . . 1 Parts Fried 1 | . . . 1 Impact Corruptions 2 | . . 1 1 Robots Melted . | . . . . Combat Hostiles . | . . . . Parts Melted . | . . . . Heat Transferred 518 | . 518 . . Parts Sabotaged . | . . . . Parts Stolen . | . . . . Parts Stripped . | . . . . Power Chain Reactions . | . . . . Alert | -11 -10 -10 -7 ------- Run | Yrd Mat Sub Scr Maximum Alert Level . | . . . . Low Security (%) 100 | . 100 . . Level 1 . | . . . . Level 2 . | . . . . Level 3 . | . . . . Level 4 . | . . . . Level 5 . | . . . . High Security . | . . . . Max Security . | . . . . Peak Influence 84 | . 84 . . Initial . | . . . . Average 27 | . 27 . . Influence Increases 294 | . 194 100 . Destroy 0b10 Robot/C 180 | . 100 80 . Destroy 0b10 Robot/NC 10 | . 10 . . Destroy Leader 32 | . 32 . . Allied During Kill 53 | . 33 20 . Successful Hack 12 | . 12 . . Destroy Structure 7 | . 7 . . Influence Decreases 294 | . 149 55 90 Entered New Map 112 | . . 22 90 Time Decay 159 | . 149 10 . Lost Part 23 | . . 23 . Squads Dispatched 3 | . 3 . . Investigation 2 | . 2 . . Extermination . | . . . . Reinforcement 1 | . 1 . . Assault . | . . . . Garrison . | . . . . Intercept . | . . . . Searches Triggered . | . . . . Construction Impeded . | . . . . Haulers Reinforced . | . . . . Active Scanning Responses . | . . . . Cargo Convoy Interrupts . | . . . . Stealth | -11 -10 -10 -7 --------- Run | Yrd Mat Sub Scr Distress Signals 1 | . 1 . . Communications Jammed . | . . . . Distress Signals . | . . . . Times Spotted 23 | . 8 7 8 Peak Tracking Total 7 | . 3 4 7 Tactical Retreats . | . . . . Traps | -11 -10 -10 -7 ------- Run | Yrd Mat Sub Scr Traps Triggered . | . . . . Indirectly . | . . . . Trap Hack Attempts . | . . . . Triggered . | . . . . Disarmed . | . . . . Reprogrammed . | . . . . Reused . | . . . . Traps Extracted . | . . . . Installed . | . . . . Triggered . | . . . . Machines | -11 -10 -10 -7 ---------- Run | Yrd Mat Sub Scr Machines Disabled 2 | . . . 2 Max in Single Turn . | . . . . Machines Repaired . | . . . . Machines Dismantled . | . . . . Machines Sabotaged . | . . . . Overloaded Fab Kills . | . . . . Hacking | -11 -10 -10 -7 --------- Run | Yrd Mat Sub Scr Machines Accessed 3 | . 3 . . Terminals 3 | . 3 . . Fabricators . | . . . . Repair Stations . | . . . . Recycling Units . | . . . . Scanalyzers . | . . . . Garrison Access . | . . . . Total Hacks 10 | . 10 . . Successful 3 | . 3 . . Failed 7 | . 7 . . Catastrophic 1 | . 1 . . Database Lockouts . | . . . . Manual 9 | . 9 . . Terminals 10 | . 10 . . Fabricators . | . . . . Repair Stations . | . . . . Recycling Units . | . . . . Scanalyzers . | . . . . Garrison Access . | . . . . Terminal Hacks 2 | . 2 . . Locate Traps 1 | . 1 . . Maintenance Status 1 | . 1 . . Fabricator Hacks . | . . . . Repair Station Hacks . | . . . . Recycling Unit Hacks . | . . . . Scanalyzer . | . . . . Garrison Access Hacks . | . . . . Unauthorized Hacks 1 | . 1 . . Terminals 1 | . 1 . . Botnet 1 | . 1 . . Fabricators . | . . . . Repair Stations . | . . . . Recycling Units . | . . . . Scanalyzers . | . . . . Garrison Access . | . . . . Data Cores Recovered . | . . . . Used . | . . . . Hacking Detections 3 | . 3 . . Full Trace Events 2 | . 2 . . Feedback Events . | . . . . Feedback Blocked . | . . . . Robot Schematics Acquired . | . . . . Robots Built . | . . . . Authchips . | . . . . Time . | . . . . Total Robot Build Rating . | . . . . Part Schematics Acquired . | . . . . Parts Built . | . . . . Authchips . | . . . . Time . | . . . . Total Part Build Rating . | . . . . Part Studies Acquired . | . . . . Parts Repaired . | . . . . Time . | . . . . Parts Recycled . | . . . . Recycled Matter . | . . . . Retrieved Matter . | . . . . Retrieved Components . | . . . . Parts Scanalyzed . | . . . . Part Schematics Acquired . | . . . . Parts Damaged . | . . . . Bothacking | -11 -10 -10 -7 ------------ Run | Yrd Mat Sub Scr Used RIF Installer . | . . . . Robots Hacked . | . . . . Non-combat . | . . . . Combat . | . . . . Robot Hacks Applied . | . . . . Relay Couplers Released . | . . . . Fabnet Peak Effective % . | . . . . Robots Rewired . | . . . . Allies Hacked . | . . . . Hacks Repelled . | . . . . Allies | -11 -10 -10 -7 -------- Run | Yrd Mat Sub Scr Total Allies 2 | . 1 . 1 Largest Group 2 | . 1 1 2 Highest-Rated Group 505 | . 58 59 505 Highest-Rated Ally 446 | . 58 59 446 Total Orders . | . . . . Ally Attacks 41 | . 20 9 12 Total Damage 1501 | . 170 164 1167 Kills 10 | . 2 2 6 Allies Corrupted . | . . . . Allies Melted . | . . . . X0-1V1 Amusement Gains 7 | . 7 . . Good Acts 7 | . . 7 . Bad Acts 10 | . . 10 . Intel | -11 -10 -10 -7 ------- Run | Yrd Mat Sub Scr Active Infowar (turns) 207 | . 207 . . Seismic 207 | . 207 . . Robot Analysis Total . | . . . . Derelict Logs Recovered 1 | . . 1 . Drone Launches . | . . . . Drone Recoveries . | . . . . Exploration | -11 -10 -10 -7 ------------- Run | Yrd Mat Sub Scr Turns Passed 1055 | . 429 515 111 Spaces Moved 703 | 1 232 343 127 Core . | . . . . Treads . | . . . . Legs 316 | 1 232 83 . Wheels 387 | . . 260 127 Hover . | . . . . Flight . | . . . . Fastest Speed 80 | 120 120 80 80 Average Speed 113 | 120 125 117 80 Slowest Speed 190 | 120 190 190 80 Overloaded Moves . | . . . . Propulsion Burnouts . | . . . . Robots Hopped . | . . . . Potential Cave-ins . | . . . . Cave-ins Triggered . | . . . . Exploration Rate (%) 21 | 2 48 19 15 Regions Visited 3 Branch Regions 2 Pre-discovered Areas 1 | . . 1 . Known Exits Taken . | . . . . Unknown Exits Taken 3 | 1 1 1 . Scrap Searched 1 | . . 1 . Spaces Dug 5 | . 5 . . Terrain Destroyed 52 | . 12 40 . Melee . | . . . . Projectile . | . . . . AOE 52 | . 12 40 . Terrain Rammed . | . . . . Walls Destroyed . | . . . . Machines Disabled . | . . . . Actions | -11 -10 -10 -7 --------- Run | Yrd Mat Sub Scr Total 876 | . 315 431 130 Wait 103 | . 41 62 . Move 700 | . 231 342 127 Hop . | . . . . Pick Up 11 | . 6 5 . Fast Attach 2 | . 2 . . Attach 3 | . . 3 . Detach 1 | . 1 . . Swap 5 | . 2 3 . Drop 4 | . 3 1 . Fire 43 | . 29 14 . Melee 4 | . . 1 3 Ram . | . . . . Kick . | . . . . Crush . | . . . . Escape Stasis . | . . . . Rewire . | . . . . Trap . | . . . . Miscellaneous . | . . . . Route ------- -11/Scrapyard -10/Materials (discovered 2 exits: [*Min] / [*Sub]) -10/Subcaves -7/Scraptown History --------- Turn | Location | Event 1 | -11/Scrapyard | Discovered new exit (range 0) 1 | -11/Scrapyard | Entered Materials 2 | -10/Materials | Met a group of wandering Federalists 86 | -10/Materials | Discovered new exit (range 6) 157 | -10/Materials | Discovered new exit (range 12) 309 | -10/Materials | Build established: Mutant 404 | -10/Materials | Core integrity fell below 50% 419 | -10/Materials | Prayed at D.C.S.S. Altar Unit 430 | -10/Materials | Entered Subcaves 431 | -10/Subcaves | Continued accompanying wandering Federalists (2) 431 | -10/Subcaves | Approached by a straggling Scientist 451 | -10/Subcaves | Learned location of Mines (-10) 541 | -10/Subcaves | Ranged accuracy permanently improved by X0-1V1 (+5%; -50 max core) 629 | -10/Subcaves | Shifting Twisted Machinery released Battle Rifle 664 | -10/Subcaves | Shifting Twisted Machinery released Sub. Monowheel 712 | -10/Subcaves | Shifting Twisted Machinery released Flamer 723 | -10/Subcaves | Shifting Twisted Machinery released Sub. Beam Cannon 790 | -10/Subcaves | Shifting Twisted Machinery released Battle Rifle 878 | -10/Subcaves | X0-1V1 mutated your Weapon slot to Utility slot 883 | -10/Subcaves | Core integrity permanently improved by X0-1V1 (+400) 890 | -10/Subcaves | Inventory capacity permanently improved by X0-1V1 (+2; -200 max core) 895 | -10/Subcaves | X0-1V1 activates XOMVISION 897 | -10/Subcaves | System corruption reached 10% 921 | -10/Subcaves | X0-1V1 tapped a No Entrance sign 934 | -10/Subcaves | X0-1V1 sent hostile G-34 Mercenary (x4) 945 | -10/Subcaves | Entered Scraptown 945 | -7/Scraptown | System corruption cleaned by C-Scrubber 1026 | -7/Scraptown | Visited UFD Registry 1026 | -7/Scraptown | Registered with UFD as "Nutcutter" 1035 | -7/Scraptown | Visited Shadow of the Wyrm 1040 | -7/Scraptown | X0-1V1 brought Wyrm Statue to life 1040 | -7/Scraptown | Attacked by Scraptown defenders 1053 | -7/Scraptown | Core integrity fell below 20% 1056 | -7/Scraptown | Core destroyed Last Messages --------------- 01046_ Siege Slug penetrates Player 2. 01046_ Siege Slug penetrates TD-BF2(c). 01046_ TD-BF2(c) destroyed. 01047_ BS-WHM(b) destroyed. 01048_ Siege Slug penetrates Player 2. 01048_ Player 2 attaches Lgt. Treads. 01048_ 6C-APP(g) destroyed. 01049_ Player 2 attaches Salvaging Laser. 01049_ 7H-GH8(g) suffers critical hit (Smash). 01049_ Destroyed Lgt. Angular Momentum Engine. 01049_ 7H-GH8(g) system corrupted by crushing effect. 01050_ 7H-GH8(g) system terminally corrupted. 01050_ Imp. Heat Sink fried. 01050_ Siege Slug penetrates Player 2. 01050_ Player 2 suffers critical hit (Blast). 01050_ Player 2 attaches Med. Matter Pod. 01052_ Siege Slug penetrates Player 2. 01052_ Acquired 15 matter. 01054_ Siege Slug penetrates Player 2. 01056_ X0-1V1 guffaws! Map ----- +----------------------------------------------------+ | ?????????????????????????????????????????????????? | | ?????????????????????????????????????????????????? | | ?????????????????????????????????????????????????? | | ?????????????????????????????????????????????????? | | ?????????????????????????????????????????????????? | | ?????????????????????????????????????????????????? | | ?????????????????????????????????????????????????? | | ?????????????????????????????????????????????????? | | ?????????????????????????????????????????????????? | | ?????????????????????????????????????????????????? | | ?????????????????????????????????????????????????? | | ?????????????????????????????????????????????????? | | ?????????????????????????????????????????????????? | | ??????????????????########???????????????????????? | | ??????????????????# DD ##??????????????????????? | | ?????????????????## DD ##?????????????????????? | | ?????????????????# = #?????????????????????? | | ?????????????????#=%= !%! #?????????????????????? | | ?????????????????# * %%! #?????????????????????? | | ?????????????????# #?????????????????????? | | ?????????????????# #?????????????????????? | | ?????????????????# % ##?????????????????????? | | ??????????## ####### ####????????????????????? | | ????????? ! #????????????????????? | | ????????? % #????????????????????? | | ????????? @ #????????????????????? | | ????????? #????????????????????? | | ????????? #????????????????????? | | ??????????######### #????????????????????? | | ??????????????????# #????????????????????? | | ??????????????????# #????????????????????? | | ????????????????# #????????????????????? | | ????????????????# %% #????????????????????? | | #???????????????# %@ #????????????????????? | | #???????????????# % x ###??????????????????? | | #??????????##???# *""#"#????????????????? | | #?????????? ???# x =%""""#????????????????? | | #???????? "" ???# [!""###????????????????? | | #????#?""X"" #??# ###??????????????????? | | #????# """"" #??# #####????????????????? | | #????# """ #??# "????????????????? | | #?????? " #??# "????????????????? | | #??????? #??# "????????????????? | | #????????? #??# "????????????????? | | ############ #### "????????????????? | | "????????????????? | | "????????????????? | | "????????????????? | | "????????????????? | | "????????????????? | +----------------------------------------------------+ Best States ------------- Heat Dissipation 25 Energy Generation 10 Energy Capacity 1350 Matter Stores 300 Matter Capacity 300 Sight Range 16 Terrain Scan Density 10 Armor Coverage 100 Evasion (%) 55 Item Schematics ----------------- None Robot Schematics ------------------ None Fabricated ------------ Nothing Repaired ---------- Nothing Studied --------- None Alien Tech Used ----------------- None Achievements -------------- None Challenges ------------ None Player 2 | -11 -10 -10 -7 ---------- Run | Yrd Mat Sub Scr Slots Evolved . | . . . . Power . | . . . . Propulsion . | . . . . Utility . | . . . . Weapon . | . . . . Parts Attached 16 | . 11 1 4 Parts Lost 6 | . . . 6 Damage Taken 1037 | . 151 110 776 Core 314 | . 23 18 273 Player 2/Cogmind (%) 50 | . 17 21 68 Absorbed by Shields . | . . . . Damage Inflicted 495 | . 170 164 161 Player 2/Cogmind (%) 32 | . 29 24 58 Combat Hostiles Destroyed 5 | . 2 2 1 Player 2/Cogmind (%) 31 | . 40 22 50 Game ------ Seed ImpactShrapnelSubcomponent Manual? 0 Play Time 00:08:40 Cumulative 1334.4 hours Start 2026.07.05 @ 13:13:17 End 2026.07.05 @ 13:20:19 Sessions 1 Manual Loads 0 Difficulty Rogue Special Mode AFD2020/Player2 Game No. 1635 Rogue 1351 Adventurer 124 Explorer 160 Win Type - Total 67 Types 52/0/9/4/1/0/0/1/0/0 Lore% 93 Gallery% 84 Achievement% 72 Wizard Run 0 Options --------- Layout 0 ASCII 0 Keyboard 1 Movement Numpad Keybinds 0 Fullscreen 2 Font 18/X11 Map View 76x50 Zoom Use 0% Tactical HUD 1 Map Filters NONE Filters NONE Steam 1 RUN: 0e636161-6e5f-495c-96e2-d6160165b6e7